 Dungeon Crawl Stone Soup version 0.31-a0-187-gba352fbbf7 (webtiles) character file.

Game seed: 14168369913378986922

165 qw the Skirmisher (level 5, 0/26 HPs)
             Began as a Deep Elf Hunter on June 22, 2023.
             Succumbed to their own poison gas
             ... on level 3 of the Dungeon.
             The game lasted 00:01:06 (2419 turns).

qw the Skirmisher (Deep Elf Hunter)                 Turns: 2419, Time: 00:01:07

Health: 0/26       AC:  6    Str: 13    XL:     5   Next: 21%
Magic:  7/7        EV: 12    Int: 14    God:
Gold:   159        SH:  0    Dex: 24    Spells: 4/4 levels left

rFire   . . .        Y - +0 shortbow (drain)
rCold   . . .        (shield currently unavailable)
rNeg    . . .        p - +0 ring mail
rPois   .            (helmet restricted)
rElec   .            l - +0 cloak
rCorr   .            (no gloves)
SInv    .            (no boots)
Will    .....        (no amulet)
Stlth   ++           a - ring of Onuirib {Wiz Str+3}
HPRegen 0.24/turn    q - +6 ring of dexterity
MPRegen 0.10/turn

%: wizardry (x1)
@: lethally poisoned (0 -> -2)
A: hooves 1, horns 1, frail 1
a: no special abilities


You were on level 3 of the Dungeon.
You visited 1 branch of the dungeon, and saw 3 of its levels.

You collected 159 gold pieces.


Innate Abilities, Weirdness & Mutations

You have large cloven feet.
You have a pair of small horns on your head.
You are frail. (-10% HP)


   Skills:
 - Level 1.5 Fighting
 + Level 8.4 Ranged Weapons
 - Level 3.0 Dodging
 - Level 1.2 Stealth


You had 4 spell levels left.
You didn't know any spells.
Your spell library was empty.

Inventory:

Hand Weapons
 Y - a +0 shortbow of draining (weapon)
Armour
 l - a +0 cloak (worn)
 p - a +0 ring mail (worn)
Jewellery
 a - the ring of Onuirib (left hand) {Wiz Str+3}
   (You acquired it on level 2 of the Dungeon)

   [ring of wizardry]

   It improves your spell success rate.
   Str:       It affects your strength (+3).
 f - a ring of ice
 q - a +6 ring of dexterity (right hand)
Scrolls
 m - a scroll of identify
Potions
 d - 4 potions of heal wounds
 g - a potion of curing {unknown}
 h - a potion of brilliance {unknown}
 i - a potion of resistance {unknown}

Dungeon Overview and Level Annotations

Branches:
Dungeon (3/15)

Altars:
Dithmenos
Elyvilon
Makhleb
Nemelex Xobeh
Ru
Xom

Shops:
D:1 (   D:3 (


Message History

Where to? (* - list waypoints, Enter - D:3, ? - help)
What level of the Dungeon? (default 1, ? - help) Sorry, I don't know how to get there.
Enter note:
Enter note:
Enter note:
Enter note:
Enter note:
Enter note:
Enter note:
Enter note:
Enter note:
Enter note:
Enter note:
Enter note: Really walk into that cloud of poison gas?
You are engulfed in poison gas.
You are poisoned.
You feel very sick.
2410 ||| Stepping ~*~*~tactically~*~*~ (cloud).
You feel very sick.
Things that are here:
a potion of attraction; a +6 ring of intelligence; a +0 leather armour
There is a lethal amount of poison in your body!
You feel very sick.
There is a lethal amount of poison in your body!
You feel very sick.
There is a lethal amount of poison in your body!
You feel sick.
There is a lethal amount of poison in your body!
You feel sick.
There is a lethal amount of poison in your body!
You feel sick.
There is a lethal amount of poison in your body!
You feel sick.
There is a lethal amount of poison in your body!
You feel sick.
There is a lethal amount of poison in your body!
You feel sick.
There is a lethal amount of poison in your body!
You die...

#.#########...#######.##.#
#.............# ##..#..#
###########...# #.>...##
##### #.>#### #..# ##..#
########...# #..0...0..##
#@.00....## #.000000##
#....000# #000.000#
#.......# #########


There were no monsters in sight!

Vanquished Creatures
  An orc wizard (D:3)
  4 adders
  4 worms
  2 dart slugs
  An orc (D:3)
  7 ball pythons
  10 bats
  8 endoplasms
  7 giant cockroaches
  10 goblins
  7 hobgoblins
  7 quokkas
  4 frilled lizards
  3 kobolds
  6 rats
81 creatures vanquished.

Notes
Turn   | Place    | Note
-------+----------+-------------------------------------------
     0 | D:1      | qw the Deep Elf Hunter began the quest for the Orb.
     0 | D:1      | Reached XP level 1. HP: 12/12 MP: 3/3
     0 | D:1      | 0 ||| qw: Version: 0.3-a-9-g12657ce
     0 | D:1      | 0 ||| qw: Game counter: 2537
     0 | D:1      | 0 ||| qw: Always use a shield: true
     0 | D:1      | 0 ||| qw: God list: Okawaru
     0 | D:1      | 0 ||| qw: Allow faded altars: false
     0 | D:1      | 0 ||| qw: Do Orc after D:15 true
     0 | D:1      | 0 ||| qw: Do second Lair branch before Depths: true
     0 | D:1      | 0 ||| qw: Lair rune preference: random
     0 | D:1      | 0 ||| qw: Plans: Normal
     0 | D:1      | 0 ||| PLANNING D:1-11
   167 | D:1      | Reached skill level 6 in Ranged Weapons
   167 | D:1      | Reached XP level 2. HP: 10/16 MP: 4/4
   326 | D:1      | 326 ||| FLEEEEING.
   332 | D:1      | 332 ||| FLEEEEING.
   333 | D:1      | 333 ||| FLEEEEING.
   553 | D:1      | Reached XP level 3. HP: 20/20 MP: 5/5
   556 | D:1      | Found Biolisah's Antique Weapon Emporium.
   562 | D:1      | 562 ||| SHOPLISTING orcbow (84 gold, have 9).
   562 | D:1      | 562 ||| SHOPLISTING runed arbalest (180 gold, have 9).
   864 | D:1      | 864 ||| READING scroll labelled VEZODI VOUGEJU.
   865 | D:1      | 865 ||| READING scroll labelled AFFAENNYPP.
   866 | D:1      | 866 ||| DRINKING 2 glowing clear potions.
   867 | D:1      | 867 ||| DROPPING scroll of butterflies.
   868 | D:1      | 868 ||| DROPPING potion of magic.
   899 | D:2      | 899 ||| STAIRDANCE
   904 | D:1      | Reached skill level 7 in Ranged Weapons
  1053 | D:2      | Found a sparkling altar of Nemelex Xobeh.
  1119 | D:2      | Reached XP level 4. HP: 23/25 MP: 6/6
  1591 | D:2      | 1591 ||| READING scroll labelled OTACSA CATHREIMAPH.
  1592 | D:2      | 1592 ||| READING scroll labelled CUITOPSAOJ.
  1592 | D:2      | Identified a scroll of acquirement
  1592 | D:2      | 1592 ||| ACQUIRING ring of Onuirib {Wiz Str+3}
  1592 | D:2      | Acquired the ring of Onuirib {Wiz Str+3}
  1594 | D:2      | 1594 ||| UPGRADING to ring of Onuirib {Wiz Str+3}.
  1595 | D:2      | 1595 ||| READING scroll labelled JUNIORITSO.
  1651 | D:3      | Found Neizuitz's Antique Weapon Boutique.
  1758 | D:3      | Reached skill level 8 in Ranged Weapons
  1801 | D:3      | HP: 6/25 [kobold/+0 whip (4)]
  1810 | D:3      | Reached skill level 3 in Dodging
  1983 | D:3      | Found a sacrificial altar of Ru.
  1992 | D:3      | Reached XP level 5. HP: 28/29 MP: 7/7
  2017 | D:3      | Found a shadowy altar of Dithmenos.
  2056 | D:3      | Found a white marble altar of Elyvilon.
  2058 | D:3      | Found a burning altar of Makhleb.
  2059 | D:3      | Found a shimmering altar of Xom.
  2282 | D:3      | 2282 ||| UPGRADING to +0 cloak.
  2287 | D:3      | 2287 ||| UPGRADING to +0 ring mail.
  2297 | D:3      | 2297 ||| DROPPING +0 leather armour.
  2298 | D:3      | 2298 ||| DROPPING +6 ring of intelligence.
  2299 | D:3      | 2299 ||| UPGRADING to +6 ring of dexterity.
  2300 | D:3      | 2300 ||| READING scroll labelled VETHRU HIMIFAU.
  2301 | D:3      | 2301 ||| READING scroll labelled UGEXEQ MOAF.
  2402 | D:3      | 2402 ||| READING scroll labelled KUAJOXZUF JUSS.
  2403 | D:3      | 2403 ||| READING scroll labelled TEERENI RUO.
  2404 | D:3      | 2404 ||| DRINKING 5 green potions.
  2405 | D:3      | 2405 ||| DRINKING 2 smoky puce potions.
  2405 | D:3      | Gained mutation: You are frail. (-10% HP) [potion of
                  | mutation]
  2405 | D:3      | Gained mutation: You have a pair of small horns on your
                  | head. [potion of mutation]
  2405 | D:3      | Gained mutation: You are partially covered in iridescent
                  | scales. (AC +2) [potion of mutation]
  2405 | D:3      | Gained mutation: You expend magic power (3 MP) to
                  | strengthen your wands. [potion of mutation]
  2406 | D:3      | 2406 ||| DRINKING potion of mutation.
  2406 | D:3      | Lost mutation: You expend magic power (3 MP) to strengthen
                  | your wands. [potion of mutation]
  2406 | D:3      | Lost mutation: You are partially covered in iridescent
                  | scales. (AC +2) [potion of mutation]
  2406 | D:3      | Gained mutation: You have large cloven feet. [potion of
                  | mutation]
  2407 | D:3      | 2407 ||| READING 2 scrolls of identify.
  2407 | D:3      | 2407 ||| IDENTIFYING glowing inky potion
  2408 | D:3      | 2408 ||| DROPPING potion of attraction.
  2410 | D:3      | 2410 ||| Stepping ~*~*~tactically~*~*~ (cloud).
  2412 | D:3      | HP: 6/26 [poisoned by you (poison gas)]
  2416 | D:3      | HP: 2/26 [poisoned by you (poison gas)]
  2419 | D:3      | Succumbed to their own poison gas

Levels and vault maps discovered:
D:1:      psy_arrival_fountain, layout_basic, serial_shops,
          nicolae_shop_rolling_square
D:2:      layout_loops_cross, basic_altar
D:3:      layout_rooms, nicolae_dithmenos_the_darkroom,
          nicolae_ru_great_annihilating_truth, grunt_temple_overflow_open,
          serial_shops, shop_statue, minmay_joined_circles

Skill      XL: |  1  2  3  4 |
---------------+-------------+-----
Ranged Weapons | 6 7 8 |  8.4
Dodging        | 3 |  3.0
Fighting       | |  1.5
Stealth        | |  1.2

Action                     |  1- 3 |  4- 6 || total
---------------------------+-------+-------++-------
   Fire: Shortbow          |   109 |   114 ||   223
    Use: Scroll            |     2 |     8 ||    10
         Potion            |     1 |     3 ||     4
 Armour: Leather armour    |     8 |    10 ||    18
  Dodge: Dodged            |    12 |    27 ||    39

Table legend:
 A = Non-vault XP
 B = Vault XP
 C = Vault XP percentage of total XP
 D = Non-vault monster count
 E = Vault monster count
 F = Vault count percentage of total count
                 A         B        C        D         E       F
            +---------+---------+-------+---------+---------+-------
      Total |     156 |      80 |  33.9 |      63 |      18 |  22.2
            +---------+---------+-------+---------+---------+-------
        D:1 |      62 |       0 |   0.0 |      28 |       0 |   0.0
        D:2 |      74 |       0 |   0.0 |      24 |       0 |   0.0
        D:3 |      20 |      80 |  80.0 |      11 |      18 |  62.1
            +---------+---------+-------+---------+---------+-------
